 Dungeon Crawl Stone Soup version 0.30-a0-591-g3c58d2bc28 (webtiles) character file.

Game seed: 13277877507072843861

32 Zonian the Sneak (level 3, 0/18 HPs)
             Began as a Vine Stalker Brigand on Jan 5, 2023.
             Slain by a hound (1 damage)
             ... on level 3 of the Dungeon.
             The game lasted 00:02:23 (1393 turns).

Zonian the Sneak (Vine Stalker Brigand)             Turns: 1393, Time: 00:02:23

Health: 0/18       AC:  3    Str: 13    XL:     3   Next: 27%
Magic:  0/4        EV: 11    Int: 11    God:
Gold:   185        SH:  0    Dex: 17    Spells: 2/2 levels left

rFire   . . .      SeeInvis .    a - +2 dagger
rCold   . . .      Faith    .    (no shield)
rNeg    . . .      Spirit   +    b - +0 robe
rPois   .          Reflect  .    (no helmet)
rElec   .          Harm     .    c - +0 cloak
rCorr   .          Rampage  .    (no gloves)
Will    .....                    (no boots)
Stlth   +++                      (no amulet)
HPRegen 0.23/turn                (no ring)
MPRegen 0.09/turn                (no ring)

@: no status effects
A: fangs 2, magic shield, antimagic bite, no potion heal 2
a: no special abilities


You were on level 3 of the Dungeon.
You visited 1 branch of the dungeon, and saw 3 of its levels.

You collected 185 gold pieces.

Inventory:

Hand Weapons
 a - a +2 dagger (weapon)
 j - a +0 dagger
 r - a +0 falchion of electrocution
Missiles
 d - 19 poisoned darts (quivered)
 e - 3 curare-tipped darts
Armour
 b - a +0 robe (worn)
 c - a +0 cloak (worn)
Scrolls
 f - a scroll of identify {unknown}
 g - a scroll of immolation {unknown}
 h - 2 scrolls of poison {unknown}
 i - a scroll of noise {unknown}
 l - a scroll of fog {unknown}
 o - 2 scrolls of silence {unknown}
 p - a scroll of blinking {unknown}
 q - a scroll of fear {unknown}
 s - a scroll of teleportation {unknown}
Potions
 k - 5 potions of curing {unknown}
 m - a potion of ambrosia {unknown}
 n - a potion of invisibility {unknown}
 t - a potion of brilliance {unknown}


   Skills:
 - Level 1.7 Fighting
 + Level 3.3 Short Blades
 - Level 1.7 Throwing
 - Level 0.7 Dodging
 - Level 4.8 Stealth


You had 2 spell levels left.
You didn't know any spells.
Your spell library was empty.

Dungeon Overview and Level Annotations

Branches:
Dungeon (3/15)

Altars:
Ru


Innate Abilities, Weirdness & Mutations

You have extremely sharp teeth.
When hurt, damage is shared between your health and your magic reserves.
Your bite disrupts and absorbs the magic of your enemies.
Potions cannot restore your health.


Message History

You closely miss the hound. Your bite misses the hound.
The hound is lightly wounded.
The hound barely misses you. The hound bites you.
You throw a poisoned dart.
The poisoned dart barely misses the hound.
The hound bites you.
You throw a poisoned dart.
The poisoned dart barely misses the hound.
The hound closely misses you. The ball python bites you.
The ball python barely misses you.
You are too injured to fight recklessly!
You are too injured to fight recklessly!
You are too injured to fight recklessly!
You are too injured to fight recklessly!
You barely miss the hound.
The hound is lightly wounded.
The hound bites you. The ball python bites you. The ball python grabs you.
The ball python constricts you. The hound bites you.
* * * LOW HITPOINT WARNING * * *
You hit the hound. You bite the hound. You drain its power.
You feel invigorated.
The hound is moderately wounded.
The hound bites you.
* * * LOW HITPOINT WARNING * * *
The ball python bites you but does no damage.
The ball python constricts you.
You escape the ball python's grasp.
You hit the hound. You bite the hound. You drain its power.
You feel invigorated.
The hound is severely wounded.
The hound barely misses you. The hound closely misses you.
The ball python bites you.
* * * LOW HITPOINT WARNING * * *
The ball python barely misses you.
Okay, then.
Okay, then.
You hit the hound.
The hound is almost dead.
The hound bites you.
You die...

.....# ######
.....###....#
......##....#
............#
#...........####
##.#..##.......#######
##.##..#....##.......#
.#.##.......##.......####
................@h.......
.#.#............S...(###
#.#.##..................
... #.........####.....
............##.... ....
###..#............. ...
.... ...#..###..... ..
.#. .......# #.... # ##
.....#...


You could see a hound and a ball python.

Vanquished Creatures
  An adder (D:3)
  3 endoplasms
  2 giant cockroaches
  A goblin (D:2)
  3 hobgoblins
  2 kobolds
  A quokka (D:1)
  A ball python (D:1)
  2 bats (D:2)
  4 frilled lizards
  2 rats (D:1)
22 creatures vanquished.

Notes
Turn   | Place    | Note
-------+----------+-------------------------------------------
     0 | D:1      | Zonian the Vine Stalker Brigand began the quest for the
                  | Orb.
     0 | D:1      | Reached XP level 1. HP: 11/11 MP: 2/2
   109 | D:1      | Reached XP level 2. HP: 15/15 MP: 3/3
   963 | D:2      | Found a sacrificial altar of Ru.
  1133 | D:2      | Found a faded altar of an unknown god.
  1151 | D:2      | Found a faded altar of an unknown god.
  1277 | D:2      | Reached XP level 3. HP: 18/18 MP: 4/4
  1393 | D:3      | Slain by a hound

Illustrated notes

Levels and vault maps discovered:
D:1:      dpeg_arrival_shelter, layout_basic, minmay_pentomino_p2
D:2:      layout_basic, hellmonk_ecumenical_altar_the_god_not_taken,
          basic_altar, chequers_decorated_corner, minmay_misc_feat_rugged,
          small_statue_intersection
D:3:      layout_rooms, nicolae_figureground_pulse

Skill      XL: |  1  2 |
---------------+-------+-----
Short Blades   | 2 3 |  3.3
Fighting       | |  1.7
Throwing       | |  1.7
Dodging        | |  0.7
Stealth        | |  4.8

Action                   || total
-------------------------++-------
Melee: Dagger            ||    53
       Bite              ||     9
Throw: Dart              ||    19
 Stab: Sleeping          ||     7
Armor: Robe              ||    16
Dodge: Dodged            ||    31

Table legend: (Time is in decaauts)
 A = Elapsed time spent in this place.
 B = Non-inter-level travel time spent in this place.
 C = Inter-level travel time spent in this place.
 D = Time resting spent in this place.
 E = Time spent auto-exploring this place.
 F = Levels seen in this place.
 G = Mean time per level.
                   A        B        C        D        E       F      G
               +--------+--------+--------+--------+--------+-----+--------+
         Total |   1383 |   1363 |     20 |      0 |   1113 |   3 |  461.0 |
       Dungeon |   1383 |   1363 |     20 |      0 |   1113 |   3 |  461.0 |
               +--------+--------+--------+--------+--------+-----+--------+

Top non-repeatable levels by time:
     D:1: 728 daAuts
     D:2: 591 daAuts
     D:3: 63 daAuts
